Map: En périphérie de Nulpar EC

Players

RainbowDash - Winner!

  • Race: Protoss Protoss
  • League: Master
  • Spawn Location: 11:00

MaRo

  • Race: Terran Terran
  • League: Master
  • Spawn Location: 5:00

VOD

Have the link to the VOD?

Description

Time

  • Played on: April 6, 2018, 6:16 p.m.
  • Length: 4:33
Show
View Real Time Build Order
Export as new Build Order

RainbowDash Protoss - Winner!

Build Orders:  

Get SALT Encoding   

  12  0:01  Probe  
  13  0:13  Probe  
  14  0:17  Pylon  
  14  0:25  Probe (Chrono Boost)  
  16  0:37  Probe (Chrono Boost)  
  16  0:39  Gateway  
  16  0:42  Probe (Chrono Boost)  
  16  0:48  Assimilator  
  17  0:53  Probe  
  18  0:59  Pylon  
  18  1:05  Probe  
  19  1:17  Probe  
  20  1:18  Gateway  
  20  1:28  Cybernetics Core  
  20  1:30  Probe  
  21  1:42  Probe  
  22  1:48  Assimilator  
  22  1:55  Probe  
  23  2:02  Stalker (Chrono Boost)  
  23  2:03  Stalker (Chrono Boost)  
  27  2:10  Warp Gate  
  27  2:34  Pylon  
  27  2:40  Stalker  
  27  2:41  Stalker  
  31  2:53  Shield Battery  
  31  2:55  Stargate  
  31  2:59  Shield Battery  
  31  3:11  Shield Battery  
  31  3:12  Shield Battery  
  31  3:33  Pylon  
  31  3:39  Void Ray (Chrono Boost)  
  37  4:17  Stalker  
  37  4:18  Stalker  
  41  4:26  Shield Battery x2  
  41  4:31  Pylon  
Show
View Real Time Build Order
Export as new Build Order

MaRo Terran 

Build Orders: Reaper Expand 

Get SALT Encoding   

  12  0:01  SCV  
  13  0:13  SCV  
  14  0:18  Supply Depot  
  14  0:21  Supply Depot  
  14  0:25  SCV  
  15  0:43  SCV, Barracks  
  15  0:47  Refinery  
  16  0:55  SCV  
  17  1:07  SCV  
  18  1:19  SCV  
  19  1:32  Reaper, Orbital Command  
  20  1:45  Command Center  
  20  1:58  Supply Depot, SCV  
  21  2:05  Barracks Tech Lab  
  21  2:10  SCV  
  21  2:14  Barracks  
  22  2:22  SCV  
  23  2:23  Marine  
  23  2:28  Bunker  
  24  2:39  Refinery  
  24  2:40  SCV  
  24  2:41  Marauder, Factory  
  25  2:50  Supply Depot  
  24  2:55  SCV  
  24  2:56  Engineering Bay  
  25  3:02  Marine x2  
  27  3:08  SCV  
  28  3:20  Marine  
  28  3:24  Marine  
  28  3:26  Widow Mine  
  28  3:27  Starport  
  31  3:31  Bunker  
  31  3:33  SCV  
  32  3:37  Missile Turret  
  32  3:38  Marine  
  32  3:45  SCV  
  31  3:58  Factory Tech Lab  
  29  4:08  SCV  
  29  4:10  Marine  
  29  4:13  Barracks Reactor  
  30  4:20  SCV  
  30  4:21  Missile Turret  
Tags
 
Add a new tag
Caveats
  • Supply blocks, unpowered buildings, or Contaminate may cause inaccurate times.
  • Supply counts are checked every 10 seconds.